 Dungeon Crawl Stone Soup version 0.28.0-53-g5a82cb258f (webtiles) character file.

Game seed: 10142056688182934082

42324 worthlessgem the Nimble (level 13, -14/63 HPs)
             Began as a Felid Enchanter on Aug 20, 2022.
             Was a High Priest of Nemelex Xobeh.
             Demolished by a +0 battleaxe of venom (40 damage)
             ... on level 1 of the Elven Halls on Aug 21, 2022.
             The game lasted 05:40:04 (41267 turns).

worthlessgem the Nimble (Felid Enchanter)          Turns: 41267, Time: 05:40:04

Health: -14/63     AC:  3    Str:  4    XL:     13   Next: 84%
Magic:  21/27      EV: 26    Int: 28    God:    Nemelex Xobeh [*****.]
Gold:   1258       SH:  0    Dex: 16    Spells: 0/30 levels left
                                        Lives:  0   Deaths: 2

rFire   . . .      SeeInvis +     - Unarmed
rCold   + . .      Faith    .   (shield unavailable)
rNeg    . . .      Spirit   .   (armour unavailable)
rPois   .          Reflect  .   (helmet unavailable)
rElec   .          Harm     .   (cloak unavailable)
rCorr   .          Rampage  .   (gloves unavailable)
Will    +....                   (boots unavailable)
Stlth   +++++.....              z - amulet of magic regeneration
HPRegen 0.20/turn               A - ring of wizardry
MPRegen 0.20/turn               y - +6 ring of intelligence

@: quick
A: very small, claws 1, fangs 3, see invisible, speed 1, shaggy fur 3, stealthy
paws, no weapons or thrown items, no armour, multi-lived
a: Renounce Religion, Draw Escape, Draw Destruction, Draw Summoning, Triple
Draw, Deal Four, Stack Five


You were on level 1 of the Elven Halls.
You worshipped Nemelex Xobeh.
Nemelex Xobeh was extremely pleased with you.
You visited 5 branches of the dungeon, and saw 21 of its levels.

You collected 1740 gold pieces.
You spent 482 gold pieces at shops.

Inventory:

Missiles
 m - 438 stones
Jewellery
 i - a ring of positive energy
 r - a +4 ring of evasion
 w - a ring of poison resistance
 y - a +6 ring of intelligence (right paw)
 z - an amulet of magic regeneration (around neck)
 A - a ring of wizardry (left paw)
 D - an amulet of reflection
 F - a ring of positive energy
 G - a +6 ring of strength
Wands
 b - a wand of iceblast (11)
 f - a wand of acid (15)
 l - a wand of charming (5)
 v - a wand of flame (10)
 H - a wand of digging (13)
Scrolls
 a - 4 scrolls of noise
 e - 3 scrolls of blinking
 n - 7 scrolls of teleportation
 p - 2 scrolls of magic mapping
 x - a scroll of summoning {unknown}
 C - a scroll of fear
 E - 3 scrolls of identify
Potions
 c - 3 potions of curing
 d - 2 potions of attraction
 g - 3 potions of flight
 h - 4 potions of brilliance
 j - 2 potions of magic
 k - 2 potions of cancellation
 q - 8 potions of heal wounds
 s - 2 potions of mutation
 u - a potion of lignification {unknown}
 B - a potion of might
Miscellaneous
 o - a piece from Xom's chessboard (15/15)


   Skills:
 - Level 10.9 Fighting
 - Level 14.3 Dodging
 + Level 10.6 Stealth
 + Level 6.1 Unarmed Combat
 - Level 9.1 Spellcasting
 - Level 9.0 Conjurations
 - Level 9.0 Hexes
 - Level 2.0 Transmutations
 - Level 2.0 Air Magic
 - Level 10.2 Earth Magic
 - Level 2.0 Poison Magic
 - Level 6.2 Invocations
 - Level 4.0 Evocations


You couldn't memorise any spells.
You knew the following spells:

 Your Spells              Type           Power      Damage    Failure   Level
a - Ensorcelled Hibernat  Hex/Ice        76%        N/A       1%          2
b - Poisonous Vapours     Pois/Air       48%        N/A       1%          2
c - Confusing Touch       Hex            59%        N/A       1%          3
d - Dazzling Flash        Conj/Hex       100%       N/A       1%          3
e - Fulminant Prism       Conj/Hex       29%        3d14      1%          4
f - Inner Flame           Hex/Fire       38%        N/A       1%          3
g - Sandblast             Erth           100%       2d20      1%          1
h - Passwall              Tmut/Erth      39%        N/A       1%          2
i - Iron Shot             Conj/Erth      30%        9d6       5%          6
j - Stone Arrow           Conj/Erth      100%       3d13      1%          3
k - Apportation           Tloc           24%        N/A       1%          1

Your spell library contained the following spells:

 Spells                   Type           Power      Damage    Failure   Level
 Beastly Appendage        Tmut           48%        N/A       1%          1
 Magic Dart               Conj           100%       1d8       1%          1
 Corpse Rot               Necr/Air       36%        N/A       1%          2
 Searing Ray              Conj           100%       2d8       1%          2
 Wereblood                Tmut           24%        N/A       1%          2
 Conjure Flame            Conj/Fire      38%        6-21      1%          3
 Summon Guardian Golem    Hex/Summ       38%        N/A       1%          3
 Tukima's Dance           Hex            59%        N/A       1%          3
 Cause Fear               Hex            29%        N/A       1%          4
 Spider Form              Tmut/Pois      24%        N/A       2%          3
 Gell's Gravitas          Tloc           12%        N/A       5%          3
 Teleport Other           Tloc           12%        N/A       5%          3
 Fireball                 Conj/Fire      19%        3d9       8%          5
 Metabolic Englaciation   Hex/Ice        19%        N/A       8%          5
 Alistair's Intoxication  Tmut/Pois      16%        N/A       21%         5
 Lehudib's Crystal Spear  Conj/Erth      30%        10d8      89%         8
 Dispersal                Tloc           6%         N/A       92%         6
 Discord                  Hex            29%        N/A       94%         8
 Animate Armour           Summ/Erth      Unusable   N/A       N/A         4

Dungeon Overview and Level Annotations

Branches:
Dungeon (12/15)            Temple (1/1) D:6            Lair (5/6) D:9
 Shoals (0/4) Lair:4        Snake (0/4) Lair:4          Orc (2/2) D:9
    Elf (1/3) Orc:2
  Slime: Lair:5-6

Altars:
Ashenzari
Cheibriados
Elyvilon
Fedhas
Gozag
Nemelex Xobeh
Okawaru
Qazlal
Ru
Sif Muna
Trog
Uskayaw
Vehumet
Xom
The Shining One

Shops:
D:1 ?(!(:   D:7 =   Orc:1 **   Orc:2 :=[!

Annotations:
D:8 2 transporters, XVortexX's ghost, novice MiBe
D:9 3 runed translucent doors, safid's ghost, journeyman HOFi
D:10 Gastronok
D:11 exclusion: statue
Lair:2 3 runed translucent doors, Godmorgon's ghost, journeyman MiFi; Sikekor's ghost, journeyman DgCj; jjjjhere's ghost, journeyman MiFi


Innate Abilities, Weirdness & Mutations

You have sharp claws.
You have razor-sharp teeth.
You have supernaturally acute eyesight. (SInv)
You cover ground quickly. (Speed+)
Your thick and shaggy fur keeps you warm. (AC +3, rC+)
Your paws help you pounce on unaware monsters.
You are incapable of wielding weapons or throwing items.
You cannot wear armour.
You gain extra lives every three experience levels.


Message History

Okay, then.
Casting: Stone Arrow (safe; 1% risk of failure)
Confirm with . or Enter, or press ? or * to list all spells.
Aiming: Sandblast (safe; 1% risk of failure)
Press: ? - help, Shift-Dir - straight line, f/p - +0 battleaxe of venom
Aim: a +0 battleaxe of venom (lightly damaged, chance to confuse on hit: 0%, 69% to hit)
The blast of sand hits the +0 battleaxe of venom but does no damage.
The +0 battleaxe of venom is lightly damaged.
m - 438 stones You scratch the +0 battleaxe of venom but do no damage.
The +0 battleaxe of venom is completely immune to your confusing touch!
The +0 battleaxe of venom is lightly damaged.
Your paws stop glowing.
The +0 battleaxe of venom hits you!!
You are lethally poisoned!
The +0 battleaxe of venom closely misses you.
You feel better. The +0 battleaxe of venom hits you!
You are poisoned.
Press: ? - help, v - describe, . - travel
Here: a +0 battleaxe of venom (lightly damaged)
The floor, spattered with blood.
You draw a card...
You have drawn the Pentagram.
You feel very sick.
The +0 battleaxe of venom closely misses you.
The +0 battleaxe of venom hits your soul eater!
You feel sick.
You see here a +0 long sword.
You feel much better.
You feel sick.
Your rakshasa completely misses the +0 battleaxe of venom.
The +0 battleaxe of venom hits you!
You are lethally poisoned!
The +0 battleaxe of venom hits your soul eater!
Your soul eater looks as sick as possible!
The +0 battleaxe of venom hits your rakshasa!
You feel better.
Your soul eater misses the +0 battleaxe of venom.
The +0 battleaxe of venom hits you!!!
Ouch! That really hurt!
You die...
Your body glows with a rainbow of weird colours and disappears.

##...## #####
###.....######...###
#.........##...#...###
#..........#.#####...#
#### ..#..........#.##
###.#####...
......8#8.......#
#..)..)...
......###._..#R.#
######....
.....8#8...3(..#
#.[).[).<.
#..........#@##
###.#####...
#..........#.#####...#
####
#.........##.).#...###
###.....######)..###
##...## ##### .......#
#.#.##...# ##.. ..#.#
##. (...#


You could see a +0 battleaxe of venom (ally target), a friendly rakshasa
(summoned) and a friendly soul eater (summoned, extremely poisoned).

Vanquished Creatures
  A deep elf sorcerer (Elf:1)
  An ogre mage (Orc:2)
  5 hydras
  A catoblepas (D:9)
  3 death yaks (Lair:2)
  8 two-headed ogres
  Sonja (Lair:2)
  3 deep elf knights
  2 deep trolls
  A lindwurm (shapeshifter) (D:9)
  Pikel (D:7)
  5 deep elf zephyrmancers
  3 deep elf pyromancers (Elf:1)
  A manticore (Lair:4)
  16 elephants
  A moth of wrath (Orc:2)
  Maurice (D:9)
  3 black mambas
  3 cyclopes
  11 cane toads
  Maggie (Lair:2)
  An unseen horror (Orc:2)
  A rime drake (Lair:3)
  9 komodo dragons
  2 kobold demonologists (D:11)
  7 trolls
  A wind drake (Lair:4)
  4 polar bears
  A slime creature (D:9)
  12 blink frogs
  A hornet (D:10)
  6 dream sheep
  35 yaks
  2 shadows (D:11)
  The ghost of safid the Chopper, an amateur HOFi (D:3)
  6 wyverns
  3 basilisks
  A steam dragon (shapeshifter) (D:9)
  3 wargs (Orc:1)
  3 vampire mosquitoes (D:10)
  2 acid dragons
  18 water moccasins
  14 orc warriors
  10 ice beasts
  3 black bears
  A swamp drake (Lair:2)
  2 sky beasts (D:7)
  A necrophage (D:6)
  19 ogres
  4 centaurs
  48 wolves
  A phantom (D:5)
  3 kobold brigands
  3 lemures (D:7)
  20 bullfrogs
  A wyvern zombie (D:9)
  2 gnoll sergeants (D:8)
  2 scorpions
  A hornet simulacrum (D:8)
  9 killer bees
  3 wights (D:8)
  5 electric eels
  3 lava snakes (Lair:5)
  2 bullfrog zombies (D:5)
  6 centaur zombies
  9 orc priests
  4 hounds
  A gnoll shaman (D:6)
  2 jellies
  A bullfrog skeleton (D:6)
  2 iguanas
  11 orc wizards
  6 hell rats (Lair:5)
  A killer bee zombie (D:8)
  A howler monkey zombie (D:8)
  Robin (D:3)
  17 gnolls
  2 adders
  A shadow imp (D:7)
  3 white imps
  5 ufetubi (D:8)
  An adder skeleton (D:4)
  3 dart slugs
  48 orcs
  4 bats
  7 endoplasms
  4 giant cockroaches
  12 goblins
  10 hobgoblins
  4 jackals (D:4)
  2 quokkas
  7 ball pythons
  2 frilled lizards
  15 kobolds
  8 rats
  A butterfly (Lair:1)
  A fulminant prism (D:9)
550 creatures vanquished.

Vanquished Creatures (collateral kills)
  An ogre mage (Orc:2)
  2 two-headed ogres (Orc:2)
  An ugly thing (D:9)
  A salamander (Lair:2)
  A cane toad (Lair:3)
  A polar bear (Orc:2)
  A yak (Lair:3)
  A hog (Orc:2)
  A fire bat (Lair:2)
  A human (Lair:2)
  A warg (Lair:2)
  A water moccasin (Lair:3)
  10 wolves (Lair:3)
  3 ogres (Orc:2)
26 creatures vanquished.

Vanquished Creatures (others)
  A wolf (Lair:2)
  70 fulminant prisms
  52 fungi
  73 plants
196 creatures vanquished.

Grand Total: 772 creatures vanquished

Notes
Turn   | Place    | Note
-------+----------+-------------------------------------------
     0 | D:1      | worthlessgem the Felid Enchanter began the quest for the
                  | Orb.
     0 | D:1      | Reached XP level 1. HP: 7/7 MP: 4/4
    61 | D:1      | Found Hiop's Book Boutique.
   520 | D:1      | Found Innuz's Antique Weapon Boutique.
   664 | D:1      | Reached XP level 2. HP: 11/11 MP: 6/6
   672 | D:1      | Learned a level 2 spell: Ensorcelled Hibernation
   691 | D:1      | Found Wograen's Distillery.
   974 | D:1      | Found Atruprok's Magic Scroll Shoppe.
   978 | D:1      | Bought a scroll of identify for 26 gold pieces
   984 | D:1      | Found Qoraz's Weapon Emporium.
  1320 | D:1      | Found a faded altar of an unknown god.
  1483 | D:2      | Learned a level 2 spell: Poisonous Vapours
  1755 | D:2      | Reached XP level 3. HP: 14/14 MP: 4/7
  1759 | D:2      | Learned a level 3 spell: Confusing Touch
  1932 | D:2      | Reached skill level 1 in Air Magic
  1932 | D:2      | Reached skill level 1 in Poison Magic
  2498 | D:2      | Reached XP level 4. HP: 18/18 MP: 4/8
  3048 | D:3      | Found a runed translucent gate.
  3048 | D:3      | Found a runed translucent gate.
  3051 | D:3      | Noticed safid's ghost (amateur HOFi)
  3052 | D:3      | Found a runed translucent gate.
  3330 | D:3      | Noticed Robin
  3700 | D:3      | Killed Robin
  4052 | D:3      | Found a sparkling altar of Nemelex Xobeh.
  4269 | D:3      | Reached XP level 5. HP: 21/21 MP: 4/10
  4634 | D:3      | Became a worshipper of Nemelex Xobeh the Trickster
  5351 | D:4      | Found a snail-covered altar of Cheibriados.
  5697 | D:4      | Reached skill level 5 in Hexes
  5945 | D:5      | Entered Level 5 of the Dungeon
  5945 | D:5      | Noticed a phantom
  5951 | D:4      | Learned a level 2 spell: Searing Ray
  6008 | D:5      | Reached * piety under Nemelex Xobeh
  6083 | D:5      | Reached skill level 1 in Conjurations
  6256 | D:5      | Gained mutation: You are covered in thick fur. (AC +2)
                  | [Felid growth]
  6256 | D:5      | Reached XP level 6. HP: 24/24 MP: 7/11
  6819 | D:5      | Found a broken altar of Ashenzari.
  7130 | D:5      | Received a gift from Nemelex Xobeh
  7815 | D:6      | Reached XP level 7. HP: 27/27 MP: 1/12
  7996 | D:6      | Reached skill level 5 in Conjurations
  8288 | D:6      | Received a gift from Nemelex Xobeh
  8322 | D:6      | Found a staircase to the Ecumenical Temple.
  8331 | Temple   | Entered the Ecumenical Temple
  8975 | D:6      | Reached ** piety under Nemelex Xobeh
  9076 | D:6      | Reached XP level 8. HP: 31/31 MP: 5/13
  9222 | D:6      | Learned a level 4 spell: Fulminant Prism
  9383 | D:7      | Found a glowing golden altar of the Shining One.
  9658 | D:7      | Found a radiant altar of Vehumet.
 10114 | D:7      | Found an opulent altar of Gozag.
 10793 | D:7      | Found Xamm's Jewellery Shop.
 10838 | D:7      | Received a gift from Nemelex Xobeh
 11181 | D:7      | Noticed Pikel
 11238 | D:7      | Killed Pikel
 11552 | D:8      | Noticed XVortexX's ghost (novice MiBe)
 11552 | D:8      | Found a bloodstained altar of Trog.
 11560 | D:8      | Noticed a moth of wrath
 11614 | D:8      | Reached XP level 9. HP: 28/37 MP: 5/14
 11826 | D:8      | Found a transporter.
 11923 | D:8      | Reached skill level 1 in Evocations
 12134 | D:8      | Found a transporter.
 12680 | D:8      | Reached skill level 5 in Invocations
 13002 | D:9      | Noticed Maurice
 13657 | D:8      | Noticed a polar bear
 14054 | D:8      | Killed a polar bear
 14055 | D:8      | Reached XP level 10. HP: 20/40 MP: 2/15
 15754 | D:9      | Found a shimmering blue altar of Sif Muna.
 15783 | D:9      | Received a gift from Nemelex Xobeh
 16241 | D:9      | Found a staircase to the Orcish Mines.
 16257 | D:9      | Reached *** piety under Nemelex Xobeh
 16354 | D:9      | Reached skill level 5 in Stealth
 16822 | D:9      | Found a sacrificial altar of Ru.
 16942 | D:9      | Received a gift from Nemelex Xobeh
 16943 | D:9      | Noticed a brown ugly thing
 16961 | D:9      | Reached skill level 5 in Unarmed Combat
 16993 | D:9      | Killed a brown ugly thing
 17072 | D:9      | Reached skill level 5 in Fighting
 17184 | D:9      | Noticed a catoblepas
 17331 | D:9      | Noticed a lindwurm
 17367 | D:9      | Killed a lindwurm
 17646 | D:9      | Killed Maurice
 18207 | D:9      | Found a staircase to the Lair.
 18227 | D:9      | Found a runed translucent gate.
 18236 | D:9      | Found a runed translucent gate.
 18236 | D:9      | Found a runed translucent gate.
 18237 | D:9      | Noticed safid's ghost (journeyman HOFi)
 18453 | D:9      | Noticed a cyclops
 19170 | D:10     | Entered Level 10 of the Dungeon
 19173 | D:10     | Reached XP level 11. HP: 48/48 MP: 16/16
 19177 | D:10     | Identified a scroll of acquirement
 19185 | D:10     | Learned a level 3 spell: Stone Arrow
 19333 | D:10     | Acquired the Catalogue of Enchanting Attacks
 19824 | D:10     | Reached skill level 1 in Earth Magic
 19932 | D:10     | Learned a level 2 spell: Searing Ray
 20029 | D:10     | Noticed Gastronok
 20152 | D:10     | Received a gift from Nemelex Xobeh
 21244 | Lair:1   | Entered Level 1 of the Lair of Beasts
 21461 | D:1      | Bought a book of Geomancy for 234 gold pieces
 21463 | D:1      | Learned a level 1 spell: Sandblast
 22159 | D:3      | Killed safid's ghost
 23110 | Lair:1   | Noticed a five-headed hydra
 23353 | Lair:1   | Reached **** piety under Nemelex Xobeh
 23642 | Lair:1   | Reached skill level 5 in Spellcasting
 24059 | Lair:1   | Learned a level 3 spell: Inner Flame
 24077 | Lair:1   | Killed a five-headed hydra
 24275 | Lair:1   | Reached skill level 10 in Stealth
 24833 | Lair:1   | Received a gift from Nemelex Xobeh
 25014 | D:9      | Killed a catoblepas
 25015 | D:9      | Gained mutation: Your thick and shaggy fur keeps you warm.
                  | (AC +3, rC+) [Felid growth]
 25015 | D:9      | Reached XP level 12. HP: 54/54 MP: 16/22
 25177 | D:1      | Bought 2 scrolls of amnesia for 91 gold pieces
 25179 | D:1      | Bought a scroll of blinking for 97 gold pieces
 25793 | Lair:2   | Noticed an eight-headed hydra
 25881 | Lair:2   | Found a runed translucent gate.
 25881 | Lair:2   | Found a runed translucent gate.
 25881 | Lair:2   | Found a runed translucent gate.
 25997 | Lair:2   | Noticed Sonja
 26001 | Lair:2   | Noticed Maggie
 26219 | Lair:2   | Noticed a death yak
 26220 | Lair:2   | Noticed a death yak
 26251 | Lair:2   | Killed Sonja
 26252 | Lair:2   | Reached skill level 5 in Earth Magic
 26258 | Lair:2   | Noticed Godmorgon's ghost (journeyman MiFi)
 26468 | Lair:2   | Killed Maggie
 26528 | Lair:2   | Noticed jjjjhere's ghost (journeyman MiFi)
 26528 | Lair:2   | Noticed Sikekor's ghost (journeyman DgCj)
 26553 | Lair:2   | Killed an eight-headed hydra
 26618 | Lair:2   | Noticed a death yak
 26645 | Lair:2   | Killed a death yak
 26647 | Lair:2   | Killed a death yak
 26669 | Lair:2   | Killed a death yak
 26754 | Lair:2   | Noticed a death yak
 26832 | Lair:2   | Noticed a six-headed hydra
 26832 | Lair:2   | a death yak changed into a six-headed hydra
 26839 | Lair:2   | a six-headed hydra changed into a dream sheep
 27422 | Lair:2   | Received a gift from Nemelex Xobeh
 27759 | Lair:2   | Learned a level 3 spell: Spider Form
 27848 | Orc:1    | Entered Level 1 of the Orcish Mines
 27875 | Orc:1    | Found Kiokeom's Specific Store.
 27877 | Orc:1    | Found Qimnat's General Store.
 27899 | Orc:1    | Reached skill level 1 in Transmutations
 27926 | Orc:1    | Bought 19 stones for 20 gold pieces
 27926 | Orc:1    | Bought 13 stones for 14 gold pieces
 28112 | Orc:2    | Entered Level 2 of the Orcish Mines
 28152 | Orc:2    | Found Ducegos's Antique Armour Boutique.
 28306 | Orc:2    | Reached skill level 3 in Dodging
 28339 | Orc:2    | Noticed an ogre mage
 28660 | Orc:2    | Reached skill level 4 in Dodging
 28663 | Orc:2    | Paralysed by an ogre mage for 5 turns
 28672 | Orc:2    | Killed an ogre mage
 28673 | Orc:2    | Reached XP level 13. HP: 57/57 MP: 18/23
 28708 | Orc:2    | Reached skill level 5 in Dodging
 28776 | Orc:2    | Reached skill level 10 in Earth Magic
 28790 | Orc:2    | Reached skill level 6 in Dodging
 28867 | Orc:2    | Reached skill level 7 in Dodging
 29182 | Orc:2    | Reached skill level 8 in Dodging
 29220 | Orc:2    | Reached skill level 9 in Dodging
 29458 | Orc:2    | Found Fethaf's Book Boutique.
 29460 | Orc:2    | Found Golod's Distillery.
 29465 | Orc:2    | Found Tisak's Jewellery Shop.
 29617 | Orc:2    | Found a staircase to the Elven Halls.
 29645 | Orc:2    | Reached skill level 10 in Dodging
 30370 | Orc:1    | Slain by a troll
 30371 | Orc:1    | Reached XP level 12. HP: -1/54 MP: 11/22
 30866 | Lair:3   | Reached skill level 11 in Dodging
 30911 | Lair:3   | Killed from afar by a rime drake
 30912 | Lair:3   | Reached XP level 11. HP: -2/52 MP: 15/21
 30912 | Lair:3   | Received a gift from Nemelex Xobeh
 30978 | Lair:2   | Reached XP level 12. HP: 38/56 MP: 9/22
 31377 | Lair:3   | Reached skill level 12 in Dodging
 33044 | Lair:4   | Found a staircase to the Shoals.
 33110 | Lair:4   | Received a gift from Nemelex Xobeh
 33918 | Lair:4   | Found a staircase to the Snake Pit.
 34049 | Lair:4   | Received a gift from Nemelex Xobeh
 34551 | Lair:5   | Noticed a five-headed hydra
 34561 | Lair:4   | Learned a level 6 spell: Iron Shot
 35424 | D:11     | Reached ***** piety under Nemelex Xobeh
 35777 | D:11     | Received a gift from Nemelex Xobeh
 35809 | D:11     | Reached XP level 13. HP: 60/60 MP: 21/26
 35816 | D:11     | Found a radiant altar of Vehumet.
 36558 | D:11     | Received a gift from Nemelex Xobeh
 37451 | Lair:5   | Learned a level 3 spell: Dazzling Flash
 37642 | Lair:5   | Reached skill level 13 in Dodging
 37752 | Lair:5   | Received a gift from Nemelex Xobeh
 38141 | Lair:5   | Reached skill level 10 in Fighting
 39643 | Elf:1    | Entered Level 1 of the Elven Halls
 39646 | Elf:1    | Noticed a deep elf sorcerer
 39649 | Elf:1    | Killed a deep elf sorcerer
 40229 | Elf:1    | Reached skill level 14 in Dodging
 40767 | Elf:1    | Found a radiant altar of Vehumet.
 41021 | Elf:1    | Learned a level 2 spell: Passwall
 41023 | Elf:1    | Learned a level 1 spell: Apportation
 41267 | Elf:1    | Demolished by a +0 battleaxe of venom

Illustrated notes

Levels and vault maps discovered:
D:1:      dpeg_arrival_shelter, layout_loops_ring,
          shapermc_ecumenical_altar_mp_vishouse, serial_shops,
          nicolae_shop_crystal, nicolae_shop_waterfront, shop, shop, shop,
          grunt_decor_one_mirror, serial_bayou_lake_a
D:2:      layout_loops_ring
D:3:      layout_loops_cross, nemelex_spade_bored_becter,
          ebering_ghost_rock_garden, uniq_robin
D:4:      layout_basic, mainiacjoe_overflow_six_doors_small
D:5:      layout_loops_corners, nicolae_ashenzari_panopticon
D:6:      layout_loops_corners, temple_hall
D:7:      layout_loops_ring, amcnicky_altar_gilded,
          mainiacjoe_overflow_catch_the_wave, serial_shops,
          nicolae_take_the_stairs, minmay_tree_intersection, uniq_pikel
D:8:      wad_river_or_something, layout_basic, serial_ice, serial_ice_b,
          serial_ice_g, serial_ice_k, serial_ice_o, serial_ice_f, serial_ice_n,
          gammafunk_ghost_wrathful_warriors, nicolae_grassy_gnolls
D:9:      minmay_blocky_corners, layout_irregular_city,
          nicolae_sif_muna_condensation, nicolae_ru_sacrificial_ziggurat,
          grunt_lair_entry_orc_guard_hut, david_orc_1_choice,
          gammafunk_ghost_nasty_kobolds, uniq_maurice
D:10:     layout_irregular_city, uniq_gastronok
D:11:     layout_layer_cave, vehumet_statue
D:12:     layout_cave_pools, serial_glass, glass_columns_b, glass_columns_c
Temple:   dpeg_chambers_temple
Lair:1:   layout_long_grid, st_stairs_13, lemuel_fruit_fields,
          lemuel_fruit_tree, serial_bayou_shore_b
Lair:2:   layout_layer_cave, gammafunk_ghost_cemetery,
          infiniplex_staircase_pool, uniq_sonja, uniq_maggie
Lair:3:   layout_roguey, chequers_serial_rivers_room_a,
          grunt_forest_large_clearings, grunt_megastairs_3
Lair:4:   layout_long_grid, minmay_shoals_entry_beasts,
          minmay_snake_entry_six_corridors, bh_autumn_forest_stairs
Lair:5:   layout_cave_pods, nicolae_lair_liquid_snakes
Orc:1:    layout_diamond_mine, nicolae_specific_store
Orc:2:    st_orc_open, layout_diamond_mine
Elf:1:    eino_elf_arrival_altar, layout_loops_ring, serial_shops,
          nicolae_shop_waterfront, hangedman_elven_crosses_minicolossus,
          grunt_megastairs_2

Skill      XL: |  1  2  3  4  5  6  7  8  9 10 11 12 13 |
---------------+----------------------------------------+-----
Unarmed Combat | 2 3 6 |  6.1
Air Magic      | 1 2 |  2.0
Poison Magic   | 1 2 |  2.0
Spellcasting   | 3 6 8 9 |  9.1
Hexes          | 5 8 9 |  9.0
Conjurations   | 2 4 6 7 8 9 |  9.0
Fighting       | 2 5 7 9 10 | 10.9
Invocations    | 3 6 |  6.2
Evocations     | 4 |  4.0
Stealth        | 7 10 | 10.6
Earth Magic    | 3 9 10 | 10.2
Transmutations | 2 |  2.0
Dodging        | 12 14 | 14.3

Action                   |  1- 3 |  4- 6 |  7- 9 | 10-12 | 13-15 || total
-------------------------+-------+-------+-------+-------+-------++-------
Melee: Unarmed           |    82 |   133 |   138 |   406 |   142 ||   901
       Bite              |     9 |    16 |    20 |    24 |    18 ||    87
       Punch             |     2 |     4 |     6 |    15 |     5 ||    32
 Cast: Ensorcelled Hiber |    16 |    29 |    25 |    55 |    38 ||   163
       Poisonous Vapours |     4 |    34 |    45 |    95 |    33 ||   211
       Confusing Touch   |       |     5 |    16 |    48 |    13 ||    82
       Searing Ray       |       |     4 |    34 |    39 |       ||    77
       Fulminant Prism   |       |       |    13 |    47 |    11 ||    71
       Stone Arrow       |       |       |       |    40 |    13 ||    53
       Inner Flame       |       |       |       |    55 |    33 ||    88
       Sandblast         |       |       |       |    50 |    46 ||    96
       Spider Form       |       |       |       |    25 |     7 ||    32
       Iron Shot         |       |       |       |     1 |     3 ||     4
       Dazzling Flash    |       |       |       |       |    15 ||    15
       Apportation       |       |       |       |       |     1 ||     1
Invok: Draw Destruction  |       |       |     3 |    19 |     3 ||    25
       Draw Summoning    |       |       |       |     7 |     4 ||    11
       Deal Four         |       |       |       |     1 |     1 ||     2
       Draw Escape       |       |       |       |     5 |     3 ||     8
       Triple Draw       |       |       |       |     1 |       ||     1
 Abil: End Transformatio |       |       |       |     3 |       ||     3
Evoke: Wand              |       |     1 |     4 |    12 |     2 ||    19
       Piece from Xom's  |       |       |       |     3 |     3 ||     6
  Use: Scroll            |     1 |     5 |     1 |    18 |     1 ||    26
       Potion            |       |       |     3 |     4 |     3 ||    10
 Stab: Sleeping          |    16 |    22 |    18 |    42 |    27 ||   125
       Distracted        |     1 |     1 |       |     1 |       ||     3
       Confused          |       |     3 |    14 |    19 |     6 ||    42
       Invisible         |       |       |     2 |     1 |     4 ||     7
       Petrified         |       |       |       |     5 |       ||     5
       Paralysed         |       |       |       |     2 |       ||     2
Armor: Skin              |     1 |     9 |     8 |    11 |     4 ||    33
Dodge: Dodged            |    52 |   115 |   131 |   406 |   181 ||   885
Block: Other             |       |       |       |    85 |    33 ||   118
       Reflection        |       |       |       |       |     3 ||     3
